 Dungeon Crawl Stone Soup version 0.26.1-11-gd32895ea62 (webtiles) character file.

Game seed: 11539876810071586927

28 Descartes the Sneak (level 3, -5/16 HPs)
             Began as a Felid Wanderer on June 29, 2021.
             Hit by a stone thrown by a gnoll (8 damage)
             ... on level 2 of the Dungeon.
             The game lasted 00:02:24 (2706 turns).

Descartes the Sneak (Felid Wanderer)                Turns: 2706, Time: 00:02:25

Health: -5/16      AC:  1    Str:  8    XL:     3   Next: 0%
Magic:  5/5        EV: 17    Int: 15    God:
Gold:   144        SH:  0    Dex: 14    Spells: 3/4 levels left
                                        Lives:  0   Deaths: 1

rFire    . . .     SeeInvis +     - Unarmed
rCold    . . .     Faith    .   (shield unavailable)
rNeg     . . .     Spirit   .   (armour unavailable)
rPois    .         Reflect  .   (helmet unavailable)
rElec    .         Harm     .   (cloak unavailable)
rCorr    .         Rampage  .   (gloves unavailable)
Will     .....                  (boots unavailable)
Stlth    +++.......             (no amulet)
HPRegen  0.05/turn              (no ring)
MPRegen  0.09/turn              (no ring)

@: quick
A: very small, no armour, no weapons or thrown items, stealth, claws 1, fangs 3,
see invisible, speed 1, shaggy fur 1, sharp paws
a: no special abilities


You were on level 2 of the Dungeon.
You visited 1 branch of the dungeon, and saw 2 of its levels.

You collected 144 gold pieces.

Inventory:

Missiles
 e - 40 stones
Scrolls
 b - 2 scrolls of teleportation
 d - 2 scrolls of identify {unknown}
 f - a scroll of remove curse {unknown}
 g - a scroll of immolation {unknown}
 j - a scroll of fear {unknown}
Potions
 a - a potion of mutation {unknown}
 c - 2 potions of curing
 h - 2 potions of degeneration {unknown}
 i - a potion of ambrosia {unknown}


   Skills:
 - Level 2.0 Fighting
 + Level 2.6 Dodging
 + Level 4.1 Stealth
 + Level 2.2 Unarmed Combat
 - Level 1.0 Spellcasting
 - Level 1.0 Conjurations
 - Level 2.6 Poison Magic


You had 3 spell levels left.
You knew the following spells:

 Your Spells              Type           Power        Failure   Level
a - Sting                 Tmut/Pois      16%          14%         1

Your spell library contained the following spells:

 Spells                   Type           Power        Failure   Level
 Poisonous Vapours        Pois/Air       8%           22%         2
 Mephitic Cloud           Conj/Pois/Air  4%           41%         3
 Ignite Poison            Fire/Tmut/Pois 3%           45%         3
 Olgreb's Toxic Radiance  Pois           8%           63%         4


Dungeon Overview and Level Annotations

Branches:
Dungeon (2/15)

Altars:

Annotations:
D:2 1 runed translucent door, Crazy Yiuf


Innate Abilities, Weirdness & Mutations

You cannot wear armour.
You are incapable of wielding weapons or throwing items.
Your paws allow you to move quietly. (Stealth)
You have sharp claws.
You have razor-sharp teeth.
You have supernaturally acute eyesight. (SInv)
You cover ground quickly.
You are covered in fur. (AC +1)
Your sharp claws are effective at attacking unaware monsters.


Message History

You are too injured to fight recklessly!
You are too injured to fight recklessly!
You are too injured to fight recklessly!
You are too injured to fight recklessly!
You are too injured to fight recklessly!
You are too injured to fight recklessly!
You are too injured to fight recklessly!
You are too injured to fight recklessly!
You are too injured to fight recklessly!
You are too injured to fight recklessly!
You are too injured to fight recklessly!
You scratch the gnoll but do no damage.
The gnoll is lightly wounded.
The gnoll closely misses you. The gnoll closely misses you.
The gnoll throws a stone.
The stone closely misses you.
You see here a stone.
The gnoll throws a stone.
The stone hits you!
Ouch! That really hurt!
You die...

#.#.###.####
#...# #g...#
###.###.##.#
#...g.##.#
###.####.#
#.# #.# #.#
#.# #.# #.#
## #@# #.#
.# #.# #.#
## #.# #.##
#..# ##.#
#.# #.# #.#


You could see a gnoll.

Vanquished Creatures
  2 adders (D:2)
  A gnoll (D:2)
  2 dart slugs (D:1)
  2 ball pythons (D:1)
  A giant cockroach (D:2)
  2 goblins (D:1)
  2 hobgoblins
  9 jackals
  A kobold (D:2)
  A quokka (D:2)
  3 bats
  3 frilled lizards
  7 rats
36 creatures vanquished.

Notes
Turn   | Place    | Note
-------+----------+-------------------------------------------
     0 | D:1      | Descartes the Felid Wanderer began the quest for the Orb.
     0 | D:1      | Descartes set off with the following items: a scroll of
                  | teleportation, a potion of curing; and the following spell
                  | memorised: Sting; and the following spells available to
                  | memorise: Poisonous Vapours, Mephitic Cloud, Ignite Poison,
                  | Olgreb's Toxic Radiance
     0 | D:1      | Reached XP level 1. HP: 9/9 MP: 3/3
    84 | D:1      | Reached skill level 1 in Dodging
    84 | D:1      | Reached skill level 3 in Stealth
   182 | D:1      | Reached XP level 2. HP: 7/13 MP: 4/4
  1308 | D:2      | Reached XP level 3. HP: 5/16 MP: 5/5
  1972 | D:2      | Found a runed translucent door.
  1973 | D:2      | Noticed Crazy Yiuf
  2043 | D:2      | Reached skill level 4 in Stealth
  2137 | D:2      | Reached XP level 4. HP: 10/19 MP: 6/6
  2692 | D:2      | Slain by a gnoll
  2693 | D:2      | Reached XP level 3. HP: -3/16 MP: 5/5
  2706 | D:2      | Hit by a stone thrown by a gnoll

Illustrated notes

Levels and vault maps discovered:
D:1:      dpeg_arrival_round_b, layout_loops_corners, minmay_cupped
D:2:      layout_loops_ring, uniq_crazy_yiuf_cottage

Skill      XL: |  1  2  3 |
---------------+----------+-----
Dodging        | 1 2 |  2.6
Stealth        | 3 4 |  4.1
Unarmed Combat | 2 |  2.2
Fighting       | |  2.0
Spellcasting   | |  1.0
Conjurations   | |  1.0
Poison Magic   | |  2.6

Action                   |  1- 3 |  4- 6 || total
-------------------------+-------+-------++-------
Melee: Unarmed           |   113 |     7 ||   120
       Bite              |    10 |     2 ||    12
       Punch             |     2 |       ||     2
  Use: Potion            |     1 |       ||     1
 Stab: Sleeping          |     8 |       ||     8
Armor: Skin              |     8 |       ||     8
Dodge: Dodged            |   123 |    14 ||   137
